 Dungeon Sprint DCSS version 0.28.0-62-gf88900778d (webtiles) character file.

Game seed: 2454043475066606910

432 cbfl8 the Protected (level 6, -11/62 HPs)
             Began as a Minotaur Fighter on Jan 13, 2024.
             Was an Initiate of Yredelemnul.
             Mangled by Sonja
             ... wielding a +0 dagger of distortion
              (15 damage)
             ... in the Dungeon (Sprint I: "Red Sonja").
             The game lasted 00:01:24 (991 turns).

cbfl8 the Protected (Minotaur Fighter)               Turns: 991, Time: 00:01:25

Health: -11/62     AC:  8    Str: 20    XL:     6   Next: 67%
Magic:  5/5        EV:  9    Int:  5    God:    Yredelemnul [......]
Gold:   101        SH:  6    Dex: 12    Spells: 5/5 levels left

rFire   . . .      SeeInvis .   a - +0 war axe
rCold   . . .      Faith    .   c - +0 buckler
rNeg    . . .      Spirit   .   b - +0 scale mail
rPois   .          Reflect  .   (helmet restricted)
rElec   .          Harm     .   (no cloak)
rCorr   .          Rampage  .   (no gloves)
Will    .....      NoTele   +   (no boots)
Stlth   ..........              (no amulet)
HPRegen 0.20/turn               (no ring)
MPRegen 0.09/turn               (no ring)

@: mighty
A: horns 2, retaliatory headbutt
a: Renounce Religion, Recall Undead Harvest


You were in the Dungeon.
You worshipped Yredelemnul.
Yredelemnul was noncommittal.
You visited 1 branch You collected 297 gold pieces.
You spent 196 gold pieces at shops.

Inventory:

Hand Weapons
 a - a +0 war axe (weapon)
Armour
 b - a +0 scale mail (worn)
 c - a +0 buckler (worn)
Scrolls
 d - a scroll of identify {unknown}
 j - a scroll of blinking
Potions
 e - a potion of curing
 f - 2 potions of mutation {unknown}
 g - a potion of haste
 h - 2 potions of magic
 i - a potion of berserk rage
 k - 2 potions of heal wounds


   Skills:
 + Level 8.5 Fighting
 + Level 7.5 Axes
 + Level 9.9 Armour
 - Level 0.1 Dodging
 + Level 8.2 Shields
 * Level 5.2 Evocations


You had 5 spell levels left.
You didn't know any spells.
Your spell library was empty.

Dungeon Overview and Level Annotations

Branches:
Dungeon (1/1)

Altars:
Cheibriados
Dithmenos
Elyvilon
Fedhas
Gozag
Hepliaklqana
Kikubaaqudgha
Nemelex Xobeh
Okawaru
Qazlal
Ru
Sif Muna
Trog
Uskayaw
Vehumet
Wu Jian
Yredelemnul
Zin
The Shining One

Shops:
D !

Annotations:
D Sonja


Innate Abilities, Weirdness & Mutations

You have a pair of horns on your head.
You reflexively headbutt those who attack you in melee.


Message History

There is an open door here.
You see here 6 atropa-tipped darts.
There is an open door here.
There is a shimmering blue altar of Sif Muna here.
As you open the door, it creaks loudly! 2 centaur warriors come into view.
The centaur warrior moves out of view. x2
You close the door.
There is an ornate altar of the Wu Jian Council here.
There is a radiant altar of Vehumet here.
You open the door.
Sonja, the Graceful Assassin comes into view.
She is wielding a +0 dagger of distortion and quivering curare-tipped darts.
Sonja gestures wildly while chanting.
Sonja blinks!
Found 108 gold pieces.
You closely miss Sonja. Sonja hits you but does no damage.
Space warps around you! Sonja hits you but does no damage.
Space warps horribly around you. Sonja closely misses you.
Sonja hits you with a +0 dagger of distortion.
Sonja closely misses you. Sonja completely misses you.
Unknown command.
You feel very mighty all of a sudden. You block Sonja's attack. x2
Sonja hits you with a +0 dagger of distortion.
You barely miss Sonja.
Sonja hits you with a +0 dagger of distortion.
Space warps horribly around you!!
* * * LOW HITPOINT WARNING * * *
Sonja completely misses you. Sonja hits you but does no damage.
You completely miss Sonja. Your headbutt misses Sonja.
Sonja hits you but does no damage. x2; Space warps horribly around you.
* * * LOW HITPOINT WARNING * * *
Sonja hits you but does no damage. Space warps around you.
* * * LOW HITPOINT WARNING * * *
Sonja barely misses you.
Sonja hits you with a +0 dagger of distortion.
* * * LOW HITPOINT WARNING * * *
Space warps horribly around you!
You die...
Your body rises from the dead as a mindless zombie.

################
#<.#..)..#..'..#
#..').#..').#..+
#..#####'#####'# #
#..####..#...#.# ##§)#
#..#__####..##(#≈§§§c#
#..#_____##'#_.+≈§§§.+
#⌠⌠#_.∩...÷..K_#≈§§§c#
####_..__##_@#'# +## #
#_____###'#(# #######
#.### $.$ $.$ ##.##
#+#


You could see Sonja.

Vanquished Creatures
  Sigmund (D)
  A yak (D)
  An ogre (D)
  A jelly (D)
  Ijyb (D)
5 creatures vanquished.

Notes
Turn   | Place    | Note
-------+----------+-------------------------------------------
     0 | D        | cbfl8 the Minotaur Fighter began the quest for the Orb.
     0 | D        | Reached XP level 1. HP: 19/19 MP: 0/0
     4 | D        | Noticed Ijyb
     9 | D        | Paralysed by Ijyb for 6 turns
    19 | D        | Paralysed by Ijyb for 4 turns
    30 | D        | Killed Ijyb
    31 | D        | Reached skill level 5 in Fighting
    31 | D        | Reached skill level 5 in Armour
    31 | D        | Reached skill level 5 in Shields
    31 | D        | Reached XP level 2. HP: 20/29 MP: 1/1
   234 | D        | Noticed an ogre
   237 | D        | Killed an ogre
   238 | D        | Reached skill level 6 in Armour
   238 | D        | Reached XP level 3. HP: 31/38 MP: 2/2
   238 | D        | Reached XP level 4. HP: 37/45 MP: 3/3
   322 | D        | Noticed Sigmund
   336 | D        | Killed Sigmund
   337 | D        | Reached skill level 8 in Armour
   337 | D        | Reached XP level 5. HP: 25/53 MP: 4/4
   614 | D        | Found an ornate altar of the Wu Jian Council.
   614 | D        | Found a shimmering blue altar of Sif Muna.
   616 | D        | Found a radiant altar of Vehumet.
   620 | D        | Reached XP level 6. HP: 53/61 MP: 5/5
   681 | D        | Found Kalifa's Distillery.
   681 | D        | Found an ancient bone altar of Kikubaaqudgha.
   681 | D        | Found a hazy altar of Hepliaklqana.
   681 | D        | Found a stormy altar of Qazlal.
   681 | D        | Found a hide-covered altar of Uskayaw.
   681 | D        | Found a blossoming altar of Fedhas.
   681 | D        | Found a bloodstained altar of Trog.
   681 | D        | Found an iron altar of Okawaru.
   681 | D        | Found a basalt altar of Yredelemnul.
   681 | D        | Found a glowing golden altar of the Shining One.
   681 | D        | Found a snail-covered altar of Cheibriados.
   681 | D        | Found a sacrificial altar of Ru.
   681 | D        | Found a glowing silver altar of Zin.
   681 | D        | Found a shadowy altar of Dithmenos.
   681 | D        | Found a white marble altar of Elyvilon.
   681 | D        | Noticed a yak
   691 | D        | Killed a yak
   692 | D        | Reached skill level 9 in Armour
   692 | D        | Reached skill level 5 in Evocations
   949 | D        | Found an opulent altar of Gozag.
   950 | D        | Found a sparkling altar of Nemelex Xobeh.
   957 | D        | Became a worshipper of Yredelemnul the Dark
   963 | D        | Bought a potion of heal wounds for 70 gold pieces
   963 | D        | Bought a potion of heal wounds for 70 gold pieces
   963 | D        | Bought a potion of might for 56 gold pieces
   979 | D        | Noticed a centaur warrior
   979 | D        | Noticed a centaur warrior
   987 | D        | Noticed Sonja
   991 | D        | Mangled by Sonja

Illustrated notes

Levels and vault maps discovered:
D:        dungeon_sprint_1 [red_sonja_temple_1, red_sonja_temple_small_1]

Skill      XL: |  1  2  3  4  5  6 |
---------------+-------------------+-----
Fighting       | 5 6 7 8 |  8.5
Axes           | 3 4 6 7 |  7.5
Armour         | 5 6 8 9 |  9.9
Shields        | 5 6 7 8 |  8.2
Evocations     | 2 4 5 |  5.2
Dodging        | |  0.1

Action                   |  1- 3 |  4- 6 || total
-------------------------+-------+-------++-------
Melee: War axe           |    19 |    28 ||    47
       Headbutt          |     2 |     6 ||     8
  Use: Potion            |     2 |     1 ||     3
Armor: Scale mail        |     6 |    10 ||    16
Dodge: Dodged            |     5 |     5 ||    10
Block: Buckler           |     5 |     8 ||    13
